 Dungeon Crawl Stone Soup version 0.26.1-11-gd32895ea62 (webtiles) character file.

Game seed: 9506436512607077666

31 H0rd4k the Insei (level 3, -6/23 HPs)
             Began as an Octopode Transmuter on July 1, 2021.
             Mangled by a hobgoblin
             ... wielding a +0 club
              (7 damage)
             ... on level 1 of the Dungeon.
             The game lasted 00:00:31 (1028 turns).

H0rd4k the Insei (Octopode Transmuter)              Turns: 1028, Time: 00:00:32

Health: -6/23      AC:  1    Str:  9    XL:     3   Next: 22%
Magic:  6/6        EV: 13    Int: 16    God:
Gold:   52         SH:  0    Dex: 12    Spells: 2/6 levels left

rFire    . . .     SeeInvis .     - Unarmed
rCold    . . .     Faith    .   (no shield)
rNeg     . . .     Spirit   .   (helmet restricted)
rPois    .         Reflect  .   (no amulet)
rElec    .         Harm     .   (no ring)
rCorr    .         Rampage  .   (no ring)
Will     .....                  (no ring)
Stlth    +++.......             (no ring)
HPRegen  0.07/turn              (no ring)
MPRegen  0.10/turn              (no ring)
                                (no ring)
                                (no ring)

@: no status effects
A: almost no armour, stealthy swim, amphibious, 8 rings, constrict 8, camouflage
1, gelatinous body 1
a: no special abilities


You were on level 1 of the Dungeon.
You visited 1 branch of the dungeon, and saw 2 of its levels.

You collected 52 gold pieces.

Inventory:

Missiles
 b - 5 curare-tipped darts
Jewellery
 d - an uncursed ring of protection from cold {unknown}
Scrolls
 a - a scroll of enchant armour {unknown}
 c - a scroll of fog {unknown}
 e - a scroll of fear {unknown}
 g - a scroll of identify {unknown}
Potions
 f - a potion of haste {unknown}


   Skills:
 + Level 1.1 Fighting
 + Level 2.1 Dodging
 - Level 1.2 Stealth
 + Level 3.7 Unarmed Combat
 * Level 2.1 Spellcasting
 * Level 2.0 Transmutations


You had 2 spell levels left.
You knew the following spells:

 Your Spells              Type           Power        Failure   Level
a - Beastly Appendage     Tmut           16%          9%          1
b - Spider Form           Tmut/Pois      2%           36%         3

Your spell library contained the following spells:

 Spells                   Type           Power        Failure   Level
 Wereblood                Tmut           8%           13%         2
 Ice Form                 Ice/Tmut       5%           78%         4
 Blade Hands              Tmut           4%           94%         5


Dungeon Overview and Level Annotations

Branches:
Dungeon (2/15)

Altars:


Innate Abilities, Weirdness & Mutations

You cannot wear most types of armour.
You are very stealthy in the water. (Stealth+)
You are amphibious.
You can wear up to eight rings at the same time.
You can use your tentacles to constrict eight enemies at once.
Your skin changes colour to match your surroundings (Stealth+).
Your rubbery body absorbs attacks. (AC +1, EV +1)


Message History

The bat hits you but does no damage. The kobold barely misses you.
You tentacle-slap the bat.
You kill the bat!
The kobold hits you with a +0 short sword!
* * * LOW HITPOINT WARNING * * *
There are monsters nearby!
You are too injured to fight recklessly!
You are too injured to fight recklessly!
There are monsters nearby!
You are too injured to fight recklessly!
There are monsters nearby!
You see here a stone.
You completely miss the hobgoblin. Your grab misses the hobgoblin.
The hobgoblin hits you with a +0 club.
* * * LOW HITPOINT WARNING * * *
You tentacle-slap the hobgoblin but do no damage.
Your grab misses the hobgoblin.
You tentacle-slap the hobgoblin, but do no damage.
Your squeeze misses the hobgoblin. The hobgoblin hits you with a +0 club!
You die...

....# #.....!. ....# #..
.... ...## #......# .###
##... ..# .. ........# ##
##....#.####### ###
......)........ ...
####.#.######### ##..
.....!..Kg@.....# #...
#####+#.#######.####.###..≈
.....................≈
.......#####.####.###..≈
......... #.## #.# #...
####+#########..###.###...
...................
########.....####.. ##....#
##+


You could see a hobgoblin and a kobold.

Vanquished Creatures
  2 dart slugs (D:1)
  2 bats (D:1)
  3 giant cockroaches (D:1)
  4 goblins (D:1)
  3 hobgoblins (D:1)
  2 jackals (D:1)
  A ball python (D:1)
  A frilled lizard (D:1)
  4 kobolds (D:1)
  3 rats (D:1)
25 creatures vanquished.

Notes
Turn   | Place    | Note
-------+----------+-------------------------------------------
     0 | D:1      | H0rd4k the Octopode Transmuter began the quest for the Orb.
     0 | D:1      | Reached XP level 1. HP: 13/13 MP: 3/3
   189 | D:1      | Reached XP level 2. HP: 3/18 MP: 5/5
   602 | D:1      | Reached skill level 1 in Stealth
   897 | D:1      | You fall into a shaft and drop 1 floor!
   969 | D:1      | Reached XP level 3. HP: 23/23 MP: 6/6
   973 | D:1      | Learned a level 3 spell: Spider Form
  1027 | D:1      | HP: 1/23 [hobgoblin/+0 club (5)]
  1028 | D:1      | Mangled by a hobgoblin

Illustrated notes

Levels and vault maps discovered:
D:1:      dpeg_arrival_arbitrary_a, layout_basic, interstate_on_off,
          minmay_misc_feat_doors, serial_park_tiny_pond
D:2:      minmay_razor_zed, layout_loops_ring, uniq_terence, uniq_natasha

Skill      XL: |  1  2 |
---------------+-------+-----
Stealth        | 1 |  1.2
Fighting       | |  1.1
Dodging        | |  2.1
Unarmed Combat | |  3.7
Spellcasting   | |  2.1
Transmutations | |  2.0

Action                   || total
-------------------------++-------
Melee: Unarmed           ||    54
       Constrict         ||    13
       Tentacles         ||     7
       Punch             ||     2
 Stab: Sleeping          ||     5
Armor: Skin              ||     2
Dodge: Dodged            ||    34
